 Dungeon Crawl Stone Soup version 0.19-a0-1238-gee6bd96 (webtiles) character file.

145176 TheGoonsmith the Devastator (level 17, -13/97 HPs)
             Began as a Gargoyle Fire Elementalist on Aug 26, 2016.
             Was the Champion of Vehumet.
             Mangled by a salamander
             ... wielding a +0 trident
              (15 damage)
             ... on level 3 of the Snake Pit.
             The game lasted 01:43:04 (35582 turns).

TheGoonsmith the Devastator (GrFE)                 Turns: 35582, Time: 01:43:04

Health: -13/97     AC: 35    Str: 19    XL:     17   Next: 41%
Magic:  20/34      EV: 10    Int: 27    God:    Vehumet [******]
Gold:   1905       SH:  5    Dex: 12    Spells: 9 memorised, 11 levels left

rFire  . . .     SeeInvis .     a - +11 mace "Udife" {drain, rC++ Str+2}
rCold  + + .     Gourm    .     h - +3 ring mail
rNeg   + . .     Faith    .     l - +0 buckler
rPois  ∞         Spirit   .     X - +2 helmet {Int+3}
rElec  +         Dismiss  .     t - +0 cloak of Hoowapi {Str+3 Dex+2 Stlth+}
rCorr  .         Reflect  .     e - +2 pair of gloves {archery}
MR     +....     Harm     .     o - +2 pair of boots
Stlth  ++........               Z - amulet of magic regeneration
                                V - +3 ring of intelligence
                                U - +2 ring of protection

@: delayed fireball, constricted, studying Armour
A: big wings, negative energy resistance 1, electricity resistance, unbreathing,
petrification resistance, rot immunity, AC +12
a: Fly, Renounce Religion, Release Delayed Fireball


You were on level 3 of the Snake Pit.
You worshipped Vehumet.
Vehumet was exalted by your worship.
You were not hungry.

You visited 5 branches of the dungeon, and saw 27 of its levels.
You also visited: Labyrinth and Ice Cave.

You collected 2590 gold pieces.
You spent 685 gold pieces at shops.

Inventory:

Hand Weapons
 a - the +11 mace "Udife" (weapon) {drain, rC++ Str+2}
   (You found it on level 5 of the Dungeon)

   A truly terrible weapon, it drains the life of those it strikes.
   It affects your strength (+2).
   It greatly protects you from cold.
 O - a +0 demon whip
Armour
 e - a +2 pair of gloves of archery (worn)
 h - a +3 ring mail (worn)
 l - a +0 buckler (worn)
 o - a +2 pair of boots (worn)
 t - the +0 cloak of Hoowapi (worn) {Str+3 Dex+2 Stlth+}
   (You acquired it on level 12 of the Dungeon)

   It affects your strength (+3).
   It affects your dexterity (+2).
   It makes you more stealthy.
 A - a +2 cloak
 D - a +2 robe of magic resistance
 X - a +2 helmet of intelligence (worn)
Magical Staves
 b - an uncursed staff of fire
Jewellery
 U - a +2 ring of protection (left hand)
 V - a +3 ring of intelligence (right hand)
 Z - an amulet of magic regeneration (around neck)
Wands
 s - a wand of enslavement (24/24)
 v - a wand of disintegration (12/24)
 z - a wand of lightning (3/15)
 B - a wand of confusion (33/48)
 M - a wand of digging (16/24)
 S - a wand of digging (6/24)
 T - a wand of teleportation (6/9)
Scrolls
 g - 4 scrolls of summoning
 i - a scroll of fog
 j - 5 scrolls of magic mapping
 k - 2 scrolls of holy word
 p - 13 scrolls of remove curse
 q - 2 scrolls of blinking
 r - 7 scrolls of identify
 y - 3 scrolls of enchant armour
 C - a scroll of vulnerability {unknown}
 N - 2 scrolls of recharging
 Q - a scroll of fear
 Y - 8 scrolls of teleportation
Potions
 c - 2 potions of agility
 f - 3 potions of resistance
 m - 7 potions of flight
 w - 12 potions of curing
 x - 2 potions of cancellation
 I - 2 potions of might
 J - 3 potions of heal wounds
 K - a potion of haste
 P - a potion of berserk rage
 R - 3 potions of magic
Books
 H - a manual of Armour
Miscellaneous
 F - a box of beasts
 W - a sack of spiders
Comestibles
 d - 8 slices of pizza
 n - 4 beef jerkies
 u - 3 chunks of flesh
 E - 5 meat rations
 G - a royal jelly
 L - 3 fruits


   Skills:
 - Level 8.2 Fighting
 + Level 11.1 Maces & Flails
 - Level 7.6 Armour
 - Level 4.2 Dodging
 - Level 2.1 Stealth
 - Level 4.0 Shields
 - Level 13.2 Spellcasting
 - Level 15.4 Conjurations
 - Level 5.0 Charms
 - Level 14.3 Fire Magic
 - Level 4.6 Air Magic
 - Level 6.8 Earth Magic


You had 11 spell levels left.
You knew the following spells:

 Your Spells              Type           Power        Failure   Level  Hunger
a - Flame Tongue          Conj/Fire      #####        0%          1    None
b - Bolt of Fire          Conj/Fire      #######...   1%          6    ####...
c - Conjure Flame         Conj/Fire      #######.     1%          3    None
d - Delayed Fireball      Conj/Fire      N/A          3%          7    ######.
e - Swiftness             Chrm/Air       #####...     1%          2    None
f - Fireball              Conj/Fire      #######...   1%          5    ##.....
g - Iron Shot             Conj/Erth      ######....   3%          6    ####...
r - Repel Missiles        Chrm/Air       #####.       1%          2    None
s - Sticky Flame          Conj/Fire      #######.     1%          4    None


Dungeon Overview and Level Annotations

Branches:
Dungeon (15/15)            Temple (1/1) D:5            Lair (6/6) D:9
  Swamp (0/4) Lair:4        Snake (3/4) Lair:4        Slime (0/5) Lair:6
    Orc (2/2) D:12            Elf (0/3) Orc:2        Vaults (0/5) D:14
 Depths (0/5) D:15

Altars:
Ashenzari
Cheibriados
Dithmenos
Elyvilon
Fedhas
Gozag
Hepliaklqana
Kikubaaqudgha
Makhleb
Nemelex Xobeh
Okawaru
Qazlal
Ru
Sif Muna
Trog
Uskayaw
Vehumet
Xom
Yredelemnul
Zin
The Shining One
Beogh
Jiyva

Shops:
D:4 !   D:6 *   Orc:2 %*}(*

Annotations:
Lair:5 Urug
Lair:6 1 runed door


Innate Abilities, Weirdness & Mutations

You are resistant to torment.
Your stone body is resilient. (AC +12)
You are immune to poison.
Your large and strong wings let you fly indefinitely.
You resist negative energy. (rN+)
You are resistant to electric shocks. (rElec)
You can survive without breathing.
You are immune to petrification.
You are immune to rotting.


Message History

The anaconda is moderately wounded.
The anaconda bites you but does no damage. x2
The anaconda constricts you. The anaconda closely misses you.
You block the anaconda's attack. The anaconda bites you!
* * * LOW HITPOINT WARNING * * *
x2 The anaconda constricts you.
Casting: Sticky Flame
Confirm with . or Enter, or press ? or * to list all spells.
Aiming: Sticky Flame
Press: ? - help, Shift-Dir - straight line, f - anaconda
Aim: an anaconda (moderately wounded, lightly drained)
The sticky flame hits the anaconda.
The anaconda is moderately wounded.
The anaconda is covered in liquid flames!
The anaconda burns!
You block the anaconda's attack. The anaconda bites you!
* * * LOW HITPOINT WARNING * * *
The salamander hits you from afar with a trident!
* * * LOW HITPOINT WARNING * * *
You are engulfed in flames!
You die...

...# #...# # #....#
.## ##....# .)#
#......###.#
#....##.# ##....#.#
#......N########<.#
.....#.N.SSSS@S....#
#....####..#NS#######
..... ##†.S## #...
##..# ##.# #...##
#....# #.##.##
#.##..######.###
#...............


You could see 3 salamanders, 4 anacondas, a guardian serpent, a black mamba and
an adder.

Vanquished Creatures
  Rupert (Lair:4)
  The ghost of Ellandar the Fencer, an adept MiBe of Trog (Snake:3)
  An azure jelly (Lair:6)
  2 greater nagas
  A frost giant (IceCv)
  An ettin (Orc:1)
  A minotaur (Lab)
  6 hydras
  8 vault guards (D:14)
  4 naga warriors
  A death knight (D:15)
  A centaur warrior (D:9)
  4 catoblepae
  Erica (D:10)
  10 anacondas
  3 orc high priests (Orc:2)
  21 death yaks
  2 shock serpents (Snake:1)
  6 naga sharpshooters
  2 salamander mystics
  4 skeletal warriors (D:13)
  2 unseen horrors (D:12)
  5 naga ritualists
  4 hill giants
  A phantasmal warrior (D:15)
  5 orc knights
  A wolf spider (D:15)
  11 mana vipers
  2 deep elf magi
  5 orc sorcerers (Orc:2)
  9 salamanders
  3 cyclopes
  A manticore (D:15)
  18 elephants
  2 ugly things (D:13)
  An ice statue (IceCv)
  2 guardian serpents (Snake:3)
  32 black mambas
  6 naga magi
  10 spiny frogs
  A gargoyle (D:12)
  Psyche (D:12)
  A komodo dragon (Lair:1)
  2 freezing wraiths (D:15)
  5 kobold demonologists
  2 rime drakes
  A meliai (shapeshifter) (D:13)
  11 trolls
  17 polar bears
  Prince Ribbit (D:5)
  A two-headed ogre (D:9)
  Grinder (D:4)
  4 blink frogs (Lair:2)
  A meliai zombie (D:15)
  A shadow (D:15)
  A water elemental (Orc:2)
  60 yaks
  2 wraiths
  7 hippogriffs
  2 hogs (D:14)
  A human (D:14)
  5 vampire mosquitoes
  3 basilisks
  4 hungry ghosts
  A steam dragon (Lair:4)
  A mottled dragon (D:14)
  A swamp worm (shapeshifter) (D:15)
  20 nagas
  6 swamp worms (Lair:4)
  2 wargs
  Menkaure (D:7)
  A soldier ant (D:12)
  11 water moccasins
  6 porcupines
  7 ice beasts
  4 sky beasts
  3 black bears
  28 orc warriors
  A wasp (D:11)
  A necrophage (D:11)
  8 ogres
  6 phantoms
  31 wolves
  5 boggarts (D:14)
  4 centaurs
  15 crocodiles
  5 big kobolds
  Blork the orc (D:4)
  A gnoll sergeant (D:9)
  14 giant frogs
  A wyvern zombie (D:10)
  6 scorpions
  A wyvern skeleton (D:10)
  6 killer bees (D:8)
  4 wights (D:9)
  5 electric eels
  8 howler monkeys
  2 jellies
  5 crimson imps
  3 giant frog zombies
  3 centaur zombies
  6 hounds
  A quasit (D:10)
  3 centaur skeletons
  3 giant frog skeletons
  25 orc priests
  19 orc wizards
  3 iguanas
  14 worker ants
  22 sheep
  A hound zombie (D:7)
  A hound skeleton (D:9)
  2 worker ant zombies
  8 gnolls
  20 adders
  39 river rats
  4 shadow imps
  12 white imps (Lair:6)
  An ooze (D:3)
  An adder skeleton (D:6)
  3 worms
  2 dart slugs (D:1)
  6 giant geckos
  94 orcs
  5 giant cockroaches
  8 goblins
  11 hobgoblins
  16 jackals
  6 quokkas
  A ball python (Snake:3)
  9 bats
  4 giant newts
  18 kobolds
  10 rats
  2 bushes
  A fungus (Lair:2)
945 creatures vanquished.

Vanquished Creatures (collateral kills)
  An elephant (Lair:2)
  A river rat (Lair:2)
2 creatures vanquished.

Vanquished Creatures (others)
  A bush (Lair:4)
  21 fungi
  4 plants
26 creatures vanquished.

Grand Total: 973 creatures vanquished

Notes
Turn   | Place    | Note
-------+----------+-------------------------------------------
     0 | D:1      | TheGoonsmith the Gargoyle Fire Elementalist began the quest for the Orb.
     0 | D:1      | Reached XP level 1. HP: 10/10 MP: 3/3
   299 | D:1      | Reached XP level 2. HP: 15/15 MP: 0/5
   626 | D:1      | Reached skill level 2 in Conjurations
   812 | D:1      | Reached XP level 3. HP: 19/19 MP: 3/6
  1197 | D:2      | Reached skill level 1 in Shields
  1509 | D:2      | Reached XP level 4. HP: 23/24 MP: 2/7
  1548 | D:2      | Reached skill level 3 in Conjurations
  2468 | D:3      | Reached XP level 5. HP: 28/28 MP: 4/8
  2837 | D:3      | Reached skill level 4 in Conjurations
  2871 | D:3      | Reached XP level 6. HP: 32/32 MP: 3/9
  2948 | D:3      | Learned a level 4 spell: Sticky Flame
  2952 | D:3      | Learned a level 3 spell: Conjure Flame
  3403 | D:4      | Got a coiled zirconium amulet
  3643 | D:4      | Reached skill level 5 in Conjurations
  3649 | D:4      | Reached XP level 7. HP: 29/36 MP: 0/11
  3897 | D:4      | Found Lomal's Distillery.
  3904 | D:4      | Bought a potion of heal wounds for 55 gold pieces
  3904 | D:4      | Bought a potion of agility for 44 gold pieces
  3904 | D:4      | Bought a potion of flight for 33 gold pieces
  4047 | D:5      | Entered Level 5 of the Dungeon
  4047 | D:5      | Noticed Grinder
  4074 | D:4      | Killed Grinder
  4379 | D:5      | Noticed Prince Ribbit
  4686 | D:5      | Reached skill level 6 in Conjurations
  4691 | D:5      | Noticed Blork the orc
  4711 | D:5      | Reached skill level 5 in Fire Magic
  4711 | D:5      | Reached XP level 8. HP: 39/41 MP: 0/13
  4815 | D:5      | Found a staircase to the Ecumenical Temple.
  4825 | Temple   | Entered the Ecumenical Temple
  5152 | Temple   | Became a worshipper of Vehumet
  5202 | D:4      | Killed Blork the orc
  5282 | D:5      | Got a warped flail
  5283 | D:5      | Identified the +8 flail of the Snake Pit {drain, rC+ Dex-3 SInv Stlth+} (You found it on level 5 of the Dungeon)
  5284 | D:5      | Identified the amulet "Xiorph" {Inacc Fragile +Blink SInv} (You found it on level 4 of the Dungeon)
  5584 | D:5      | Reached skill level 7 in Conjurations
  5662 | D:5      | Got an ancient mace
  5691 | D:5      | Killed Prince Ribbit
  6066 | D:6      | Reached skill level 8 in Conjurations
  6066 | D:6      | Reached XP level 9. HP: 45/45 MP: 10/15
  6355 | D:6      | Reached * piety under Vehumet
  6355 | D:6      | Offered knowledge of Shock by Vehumet.
  6677 | D:6      | Learned a level 5 spell: Fireball
  6992 | D:6      | Noticed a deep elf mage
  7002 | D:6      | Killed a deep elf mage
  7002 | D:6      | Reached skill level 5 in Spellcasting
  7002 | D:6      | Reached skill level 9 in Conjurations
  7476 | D:6      | Found Temun's General Store.
  7489 | D:6      | Bought a scroll of identify for 24 gold pieces
  7489 | D:6      | Identified the +11 mace "Udife" {drain, rC++ Str+2} (You found it on level 5 of the Dungeon)
  7893 | D:7      | Offered knowledge of Sting by Vehumet.
  7893 | D:7      | Reached XP level 10. HP: 50/50 MP: 10/18
  7896 | D:7      | Reached ** piety under Vehumet
  7957 | D:7      | Reached skill level 1 in Armour
  8045 | D:7      | Noticed Menkaure
  8052 | D:7      | Killed Menkaure
  8420 | D:8      | Reached skill level 5 in Armour
  8745 | D:8      | Offered knowledge of Static Discharge by Vehumet.
  9152 | D:9      | Noticed a centaur warrior
  9157 | D:9      | Killed a centaur warrior
  9487 | D:9      | Reached *** piety under Vehumet
  9818 | D:9      | Reached skill level 1 in Fighting
  9819 | D:9      | Offered knowledge of Olgreb's Toxic Radiance by Vehumet.
  9955 | D:9      | Found a staircase to the Lair.
 10039 | D:9      | Reached XP level 11. HP: 57/57 MP: 17/19
 10164 | D:9      | Reached skill level 10 in Conjurations
 10462 | D:10     | Entered Level 10 of the Dungeon
 10505 | Lair:1   | Entered Level 1 of the Lair of Beasts
 11351 | Lair:2   | Noticed a four-headed hydra
 11663 | Lair:2   | Reached **** piety under Vehumet
 11996 | Lair:2   | Offered knowledge of Bolt of Magma by Vehumet.
 12309 | Lair:2   | Reached skill level 11 in Conjurations
 12334 | Lair:2   | Noticed a seven-headed hydra
 12376 | Lair:1   | Killed a seven-headed hydra
 12631 | Lair:2   | Killed a four-headed hydra
 12919 | Lair:3   | Reached XP level 12. HP: 64/64 MP: 9/23
 12926 | Lair:3   | Reached skill level 10 in Fire Magic
 13751 | Lair:3   | Noticed a death yak
 13752 | Lair:3   | Noticed a death yak
 13752 | Lair:3   | Noticed a death yak
 13752 | Lair:3   | Noticed a death yak
 13753 | Lair:3   | Noticed a death yak
 13753 | Lair:3   | Noticed a death yak
 13759 | Lair:3   | Killed a death yak
 13759 | Lair:3   | Reached ***** piety under Vehumet
 13759 | Lair:3   | Reached skill level 12 in Conjurations
 13973 | Lair:3   | Killed a death yak
 13992 | Lair:3   | Killed a death yak
 14000 | Lair:3   | Killed a death yak
 14122 | Lair:3   | Killed a death yak
 14122 | Lair:3   | Offered knowledge of Bolt of Cold by Vehumet.
 14158 | Lair:3   | Killed a death yak
 14356 | Lair:3   | Noticed a catoblepas
 14364 | Lair:3   | Killed a catoblepas
 14633 | Lair:3   | Reached skill level 13 in Conjurations
 15044 | Lair:4   | Reached skill level 1 in Maces & Flails
 15118 | Lair:4   | Reached XP level 13. HP: 68/68 MP: 23/25
 15124 | Lair:4   | Found a staircase to the Snake Pit.
 15301 | Lair:4   | Noticed Rupert
 15335 | Lair:4   | Killed Rupert
 15335 | Lair:4   | Reached skill level 5 in Maces & Flails
 15520 | Lair:4   | Found a staircase to the Swamp.
 15564 | Lair:4   | Identified a scroll of acquirement
 15969 | D:10     | Noticed Erica
 15972 | D:10     | Killed Erica
 16909 | D:11     | Offered knowledge of Yara's Violent Unravelling by Vehumet.
 17600 | D:12     | Got a translucent cloak
 17606 | D:12     | Identified the +0 cloak of Hoowapi {Str+3 Dex+2 Stlth+} (You acquired it on level 12 of the Dungeon)
 17950 | D:12     | Noticed Psyche
 17952 | D:12     | Killed Psyche
 18157 | D:12     | Reached skill level 5 in Fighting
 18773 | D:12     | Found a staircase to the Orcish Mines.
 18775 | D:12     | Found a roughly hewn altar of Beogh.
 19379 | Orc:1    | Entered Level 1 of the Orcish Mines
 19609 | Orc:2    | Entered Level 2 of the Orcish Mines
 19609 | Orc:2    | Found a staircase to the Elven Halls.
 19638 | Orc:2    | Found Ejawucro's General Store.
 19660 | Orc:2    | Found a labyrinth entrance.
 19672 | Lab      | Entered a labyrinth
 19959 | Lab      | Noticed a minotaur
 19966 | Lab      | Killed a minotaur
 20230 | Orc:1    | Noticed an ettin
 20237 | Orc:1    | Killed an ettin
 20632 | Orc:1    | Learned a level 2 spell: Repel Missiles
 20635 | Orc:1    | Learned a level 2 spell: Swiftness
 20965 | Orc:2    | Bought a scroll of identify for 28 gold pieces
 21143 | Orc:2    | Gained mutation: Your large and strong wings let you fly indefinitely. [Gargoyle growth]
 21143 | Orc:2    | Reached XP level 14. HP: 84/84 MP: 17/26
 21148 | Orc:2    | Reached skill level 1 in Charms
 21163 | Orc:2    | Paralysed by an orc sorcerer for 3 turns
 21271 | Orc:2    | Reached skill level 1 in Air Magic
 22084 | Orc:2    | Offered knowledge of Bolt of Fire by Vehumet.
 22110 | Orc:2    | Learned a level 6 spell: Bolt of Fire
 22328 | Orc:2    | Found Buyl's Weapon Shoppe.
 22328 | Orc:2    | Found Udgheoba's Gadget Shoppe.
 22330 | Orc:2    | Found Hirug's General Store.
 22330 | Orc:2    | Found Edghomis's Food Boutique.
 22429 | Orc:2    | Bought a scroll of teleportation for 45 gold pieces
 22429 | Orc:2    | Bought a scroll of identify for 30 gold pieces
 22692 | D:6      | Bought 3 scrolls of summoning for 342 gold pieces
 22692 | D:6      | Bought a potion of curing for 36 gold pieces
 22692 | D:6      | Bought a potion of agility for 48 gold pieces
 23505 | Lair:5   | Noticed Urug
 24384 | Lair:6   | Entered Level 6 of the Lair of Beasts
 24421 | Lair:6   | Found a frozen archway.
 24458 | IceCv    | Entered an ice cave
 24851 | IceCv    | Reached skill level 5 in Charms
 25642 | IceCv    | Noticed a frost giant
 25655 | IceCv    | Offered knowledge of Delayed Fireball by Vehumet.
 25815 | IceCv    | Killed a frost giant
 25815 | IceCv    | Reached ****** piety under Vehumet
 25815 | IceCv    | Reached XP level 15. HP: 64/88 MP: 6/28
 26958 | Lair:6   | Reached skill level 10 in Spellcasting
 26958 | Lair:6   | Reached skill level 14 in Conjurations
 27326 | Lair:6   | Found a runed door.
 27327 | Lair:6   | Found a viscous altar of Jiyva.
 27327 | Lair:6   | Noticed an azure jelly
 27328 | Lair:6   | Found a staircase to the Slime Pits.
 27328 | Lair:6   | Noticed an azure jelly
 27493 | Lair:6   | Learned a level 7 spell: Delayed Fireball
 27751 | Lair:6   | Killed an azure jelly
 28629 | D:13     | Offered knowledge of Iron Shot by Vehumet.
 28642 | D:13     | Learned a level 6 spell: Iron Shot
 28687 | D:13     | Reached skill level 1 in Earth Magic
 29772 | D:14     | Found a gate to the Vaults.
 29779 | D:14     | Reached skill level 5 in Earth Magic
 30055 | D:14     | Reached XP level 16. HP: 93/93 MP: 9/30
 30498 | D:15     | Entered Level 15 of the Dungeon
 30711 | D:15     | Offered knowledge of Conjure Ball Lightning by Vehumet.
 30920 | D:15     | Found a staircase to the Depths.
 31043 | D:15     | Reached skill level 15 in Conjurations
 31655 | Snake:1  | Entered Level 1 of the Snake Pit
 33694 | Snake:2  | Noticed a greater naga
 33698 | Snake:2  | Killed a greater naga
 34045 | Snake:2  | Offered knowledge of Poison Arrow by Vehumet.
 34045 | Snake:2  | Reached XP level 17. HP: 97/97 MP: 20/34
 35084 | Snake:3  | Noticed Ellandar's ghost (adept MiBe)
 35090 | Snake:3  | Killed Ellandar's ghost
 35090 | Snake:3  | Reached skill level 10 in Maces & Flails
 35260 | Snake:3  | HP: 4/97 [naga sharpshooter/bolt (16)]
 35582 | Snake:3  | HP: 2/97 [salamander/trident (12)]
 35582 | Snake:3  | Mangled by a salamander

Vault maps used:
D:1:      shiori_shiawase, corexii_leaking_fountain, minmay_misc_feat_tower,
          minmay_domino_2
D:4:      serial_shops, shop, minmay_misc_feat_five
D:5:      first_bread, dk_noncrumbling_4, uniq_grinder, uniq_blork_the_orc,
          uniq_prince_ribbit1
D:6:      serial_shops, nicolae_shop_window_shopping, serial_bayou,
          serial_bayou_pond_e, serial_bayou_shore_b, serial_bayou_shore_a,
          serial_bayou_ford_a, guppyfry_early_elven_hall
D:7:      uniq_menkaure
D:9:      due_lair_maze_entry_diamond
D:10:     uniq_erica
D:12:     david_orc_5, uniq_psyche
D:14:     erik_vaults_2, minmay_misc_feat_rows, grunt_livestock
D:15:     hangedman_depths_entry_try_elsewhere_first, serial_bayou_pond_a
Temple:   regret_index_temple_sigil_plot
Lair:1:   serial_bayou_lake_a, grunt_megastairs_2
Lair:4:   nicolae_swamp_entry_splash_gauntlet, guppyfry_snake_entry_island,
          minmay_hedge_maze, uniq_rupert
Lair:5:   infiniplex_staircase_pool, uniq_urug
Lair:6:   evilmike_catoblepas_cave, slime_altar_2, portal_ice_cave_entry_imps
Snake:2:  grunt_megastairs_3
Snake:3:  hangedman_snake_corridor_cut, uniq_vashnia
Orc:2:    st_orc_elflike, lab_entry_generic, serial_shops, shop
IceCv:    ice_cave_caverns_01

Skill      XL: |  1  2  3  4  5  6  7  8  9 10 11 12 13 14 15 16 17 |
---------------+----------------------------------------------------+-----
Conjurations   | 2 3 4 5 6 8 9 11 13 14 15 | 15.4
Shields        | 1 2 4 |  4.0
Fire Magic     | 4 5 6 8 9 12 13 14 | 14.3
Spellcasting   | 3 4 5 7 8 9 10 13 | 13.2
Armour         | 7 |  7.6
Dodging        | 4 |  4.2
Fighting       | 2 3 8 |  8.2
Maces & Flails | 1 8 11 | 11.1
Charms         | 5 |  5.0
Air Magic      | 4 |  4.6
Earth Magic    | 6 |  6.8
Stealth        | |  2.1

Action                   |  1- 3 |  4- 6 |  7- 9 | 10-12 | 13-15 | 16-18 || total
-------------------------+-------+-------+-------+-------+-------+-------++-------
Melee: Unarmed           |     7 |       |       |       |       |       ||     7
       Dagger            |    27 |    42 |    17 |       |       |       ||    86
       Flail             |       |     7 |    17 |       |       |       ||    24
       Mace              |       |       |     2 |   123 |   502 |    93 ||   720
       Staff             |       |       |       |       |    11 |    54 ||    65
 Cast: Flame Tongue      |    59 |   126 |   228 |   314 |   470 |    23 ||  1220
       Sticky Flame      |       |       |     6 |    56 |    82 |    33 ||   177
       Conjure Flame     |       |       |     1 |     5 |    21 |     4 ||    31
       Fireball          |       |       |       |    52 |   147 |    46 ||   245
       Bolt of Fire      |       |       |       |       |    77 |   118 ||   195
       Repel Missiles    |       |       |       |       |     2 |       ||     2
       Iron Shot         |       |       |       |       |       |    22 ||    22
       Delayed Fireball  |       |       |       |       |       |     1 ||     1
Evoke: Sack of spiders   |       |       |       |     2 |     1 |       ||     3
       Wand              |       |       |       |       |     2 |       ||     2
  Use: Potion            |     1 |       |     4 |     2 |     5 |     3 ||    15
       Scroll            |       |     8 |    10 |     5 |    17 |       ||    40
 Stab: Invisible         |       |       |     1 |       |       |       ||     1
       Sleeping          |       |       |       |       |     2 |       ||     2
       Distracted        |       |       |       |       |     1 |       ||     1
  Eat: Chunk             |     3 |     8 |     8 |    16 |    67 |    29 ||   131
       Bread ration      |       |       |     2 |     5 |     1 |     5 ||    13
       Beef jerky        |       |       |       |     2 |     2 |     1 ||     5
       Royal jelly       |       |       |       |       |     2 |       ||     2
       Meat ration       |       |       |       |       |     4 |       ||     4
Armor: Robe              |    16 |    25 |    71 |       |    11 |       ||   123
       Ring mail         |       |       |    28 |   222 |   388 |   164 ||   802
Dodge: Dodged            |    32 |    56 |   108 |   249 |   386 |   128 ||   959
       Deflected         |       |       |       |       |    10 |    13 ||    23
Block: Buckler           |     8 |    17 |    38 |   109 |   287 |    58 ||   517
       Reflection        |       |       |       |       |     7 |       ||     7
